 Dungeon Crawl Stone Soup version 0.31.0-32-g396128a36d (webtiles) character file.

Game seed: 18391678181000165024

17577 DiabolicFrolic the Mimic (level 12, 0/109 HPs)
             Began as an Octopode Shapeshifter on Apr 6, 2024.
             Was an Initiate of Gozag.
             Incinerated by a deep elf pyromancer (3 damage)
             ... with a pyre arrow
             ... on level 12 of the Dungeon.
             The game lasted 00:20:35 (12116 turns).

DiabolicFrolic the Mimic (Octopode Shapeshifter)   Turns: 12116, Time: 00:20:35

Health: 0/109      AC: 10    Str: 19    XL:     12   Next: 49%
Magic:  12/12      EV: 16    Int: 16    God:    Gozag
Gold:   1642       SH:  0    Dex: 12    Spells: 11/11 levels left

rFire   + .          .
                       - Unarmed
rCold   + . .        (shield currently unavailable)
rNeg    . . .        (helmet currently unavailable)
rPois   +            n - amulet of the acrobat
rElec   .            F - ring of protection from fire
rCorr   .            E - +5 ring of evasion
SInv    +            C - ring of protection from cold
Will    .....        v - ring of see invisible
Stlth   +            Z - ring of wizardry
HPRegen 0.38/turn    (no ring)
MPRegen 0.13/turn    (no ring)
                     (no ring)

%: acrobat, wizardry (x1)
@: mighty, on fire, snake-form, gold aura, glowing
A: constrict, boosted hp, almost no armour, amphibious, 8 rings, large,
(camouflage 1), (gelatinous body 1), (nimble swimmer 1), (tentacles)
a: Begin Untransformation, Renounce Religion, Potion Petition, Call Merchant,
Bribe Branch


You were on level 12 of the Dungeon.
You worshipped Gozag.
Gozag was most pleased with you.
You were an enormous serpent.
You visited 2 branches of the dungeon, and saw 13 of its levels.

You collected 1913 gold pieces.
You spent 217 gold pieces at shops.
You paid 54 gold pieces to Gozag.


Innate Abilities, Weirdness & Mutations

You are an enormous serpent.
You have a powerful constriction melee attack.
Your maximum health is increased.
Your armour is entirely melded.
You are incapable of wielding weapons or throwing items.
You cannot wear most types of armour.
You are amphibious.
You can wear up to eight rings at the same time.
((Your skin changes colour to match your surroundings (Stealth+).))
((Your rubbery body absorbs attacks. (AC +1, EV +1)))
((You are camouflaged when in or above water. (Stealth+)))
((You have tentacles for arms and can constrict up to eight enemies at once.))


   Skills:
 - Level 12.0 Fighting
 - Level 5.0 Dodging
 + Level 10.1 Unarmed Combat
 - Level 12.0 Shapeshifting


You had 11 spell levels left.
You didn't know any spells.
Your spell library contained the following spells:

 Spells                   Type           Power      Damage    Failure   Level
 Apportation              Tloc           0%         N/A       11%         1
 Necrotise                Necr           0%         1d4       11%         1
 Jinxbite                 Hex            0%         N/A       16%         2
 Scorch                   Fire           0%         2d5       16%         2
 Call Canine Familiar     Summ           0%         N/A       28%         3
 Inner Flame              Hex/Fire       0%         N/A       28%         3
 Sigil of Binding         Hex            0%         N/A       28%         3
 Vampiric Draining        Necr           0%         2d6       28%         3
 Dimensional Bullseye     Hex/Tloc       0%         N/A       65%         4
 Flame Wave               Conj/Fire      0%         2d4       65%         4
 Martyr's Knell           Necr/Summ      0%         N/A       65%         4
 Summon Blazeheart Golem  Fire/Summ      0%         N/A       65%         4
 Alistair's Intoxication  Alch           0%         N/A       93%         5
 Curse of Agony           Necr           0%         N/A       93%         5
 Irradiate                Conj/Alch      0%         3d11      93%         5
 Summon Cactus Giant      Summ           0%         N/A       100%        6
 Orb of Destruction       Conj           0%         9d5       100%        7
 Spellforged Servitor     Conj/Summ      0%         N/A       100%        7
 Ignition                 Fire           0%         3d3       100%        8

Inventory:

Missiles
 d - 13 poisoned darts
Jewellery
 n - an amulet of the acrobat (around neck)
 v - a ring of see invisible (on tentacle)
 C - a ring of protection from cold (on tentacle)
 E - a +5 ring of evasion (right tentacle)
 F - a ring of protection from fire (left tentacle)
 G - an amulet of reflection
 Z - a ring of wizardry (on tentacle)
Talismans
 b - a beast talisman
 c - a flux talisman
 p - a serpent talisman (active)
 t - a talisman of death
Wands
 a - a wand of polymorph (6)
 y - a wand of flame (36)
Scrolls
 e - 4 scrolls of revelation
 f - a scroll of poison
 i - 4 scrolls of blinking
 j - a scroll of teleportation {@r2}
 o - 2 scrolls of enchant armour
 q - a scroll of fear
 r - a scroll of immolation
 u - a scroll of amnesia
 w - 2 scrolls of noise
 x - a scroll of fog
 B - a scroll of enchant weapon {unknown}
Potions
 g - 5 potions of mutation
 h - 2 potions of magic
 k - a potion of curing {@q1}
 l - 4 potions of enlightenment
 m - a potion of cancellation
 A - a potion of degeneration
 D - a potion of invisibility

Dungeon Overview and Level Annotations

Branches:
Dungeon (12/15)            Temple (1/1) D:5            Lair (0/5) D:11
    Orc (0/2) D:11

Altars:
Ashenzari
Cheibriados
Dithmenos
Elyvilon
Fedhas
Gozag
Hepliaklqana
Kikubaaqudgha
Makhleb
Nemelex Xobeh
Okawaru
Qazlal
Ru
Sif Muna
Trog
Uskayaw
Vehumet
Wu Jian
Xom
Yredelemnul
Zin
The Shining One

Shops:
D:1 (   D:6 * D:8

? ...#...#
...#...#
#.............▓
...#.<.#
#.............▓
...#...#
###.............▓
...##### .......
........▓ ....
..?.. .C.....▓
... ... g.....▓▓▓
...
##e####g.......
##
#.$S..#HBW.....
..
#...$g#$#######
....#.....$$#
....#######.#
............#
............# .
#...........## #
#..[.........#
#..........###


You could see a deep elf pyromancer and a gnoll.


Message History

* * * LOW HITPOINT WARNING * * *
The gnoll is distracted by your dazzling golden aura.
Unknown command.
You barely miss the gnoll.
The gnoll shouts!
You grab the gnoll.
The gnoll is almost dead.
You constrict the gnoll, but do no damage.
The gnoll is no longer distracted by gold.
The gnoll hits you with a +2 halberd of venom.
* * * LOW HITPOINT WARNING * * *
You hit the gnoll.
You kill the gnoll!
The gnoll closely misses you.
The deep elf pyromancer gestures at you while chanting.
The pyre arrow hits you.
You are covered in intense liquid fire!
Unknown command.
You barely miss the deep elf pyromancer.
You grab the deep elf pyromancer. The liquid fire burns you!
* * * LOW HITPOINT WARNING * * *
You constrict the deep elf pyromancer. The gnoll closely misses you.
The deep elf pyromancer hits you but does no damage.
Unknown command.
You body-slam the deep elf pyromancer!!
The deep elf pyromancer is heavily wounded.
The liquid fire burns you!
You die...
Your body crumbles into a pile of gold.

Skill      XL: |  1  2  3  4  5  6  7  8  9 10 11 12 |
---------------+-------------------------------------+-----
Fighting       | 2 3 4 5 6 7 9 10 12 | 12.0
Shapeshifting  | 4 5 7 8 10 11 12 | 12.0
Unarmed Combat | 6 7 8 10 | 10.1
Dodging        | 5 |  5.0

Action                     |  1- 3 |  4- 6 |  7- 9 | 10-12 || total
---------------------------+-------+-------+-------+-------++-------
  Melee: Unarmed           |    60 |   108 |   168 |   438 ||   774
         Constrict         |    15 |    23 |    40 |    95 ||   173
         Punch             |     3 |     3 |       |       ||     6
         Tentacles         |     8 |    19 |    51 |     8 ||    86
         Short sword       |       |       |    25 |       ||    25
    Use: Potion            |       |     2 |     3 |     7 ||    12
         Scroll            |       |       |    12 |    11 ||    23
   Stab: Sleeping          |     8 |     8 |     4 |       ||    20
         Distracted        |     1 |       |     1 |     2 ||     4
 Armour: Skin              |    19 |    34 |    62 |   206 ||   321
  Dodge: Dodged            |    40 |    69 |   210 |   312 ||   631
   Form: Flux              |       |       |     1 |       ||     1
         Serpent           |       |       |       |     1 ||     1

Levels and vault maps discovered:
D:1:      wander_arrival_lonely_grave, layout_loops_cross, serial_shops,
          nicolae_shop_tiny_glass
D:2:      layout_basic, minivault_5
D:3:      layout_loops_ring, kennysheep_slug_shrine
D:4:      layout_rooms
D:5:      layout_cave_pools, mainiacjoe_overflow_chevrons,
          minmay_temple_entry_glassed_door, nrook_mini_vaults
D:6:      layout_cave_pools, zin_purify, uniq_menkaure
D:7:      layout_basic, grunt_livestock, uniq_pikel
D:8:      layout_basic, serial_shops, shop, hangedman_abyss_or_decor_clamps,
          eino_tiny_chamber, nrook_campfire, uniq_erica
D:9:      layout_basic, nicolae_overflow_squiral, lemuel_flamethrower_1
D:10:     layout_basic
D:11:     layout_big_octagon, david_lair_shrubbed, erik_orc_4, dk_noncrumbling_3
D:12:     layout_irregular_city, serial_demonic, serial_demonic_a,
          serial_demonic_a, serial_demonic_c, serial_demonic_e
Temple:   sentei_temple_godly_chess

Notes
Turn   | Place    | Note
-------+----------+-------------------------------------------
     0 | D:1      | DiabolicFrolic the Octopode Shapeshifter began the quest
                  | for the Orb.
     0 | D:1      | Reached XP level 1. HP: 13/13 MP: 1/1
    81 | D:1      | Reached skill level 2 in Fighting
    81 | D:1      | Reached XP level 2. HP: 19/19 MP: 2/2
   248 | D:1      | Found Tuot's Antique Weapon Boutique.
   307 | D:1      | Reached XP level 3. HP: 25/25 MP: 3/3
   434 | D:1      | Reached skill level 3 in Fighting
   748 | D:2      | Reached XP level 4. HP: 25/33 MP: 4/4
   817 | D:2      | Identified the orb of Dice, Bag, and Bottle {guile, rCorr
                  | Ice}
  1195 | D:2      | Reached skill level 4 in Fighting
  1706 | D:3      | Reached XP level 5. HP: 24/37 MP: 5/5
  1788 | D:3      | Found a snail-covered altar of Cheibriados.
  2036 | D:3      | Reached skill level 4 in Shapeshifting
  2244 | D:3      | Noticed an ogre
  2308 | D:3      | Killed an ogre
  2309 | D:3      | Reached skill level 5 in Fighting
  2309 | D:3      | Reached XP level 6. HP: 45/45 MP: 6/6
  2649 | D:4      | Reached skill level 6 in Fighting
  2782 | D:4      | Reached XP level 7. HP: 46/53 MP: 7/7
  3069 | D:5      | Entered Level 5 of the Dungeon
  3341 | D:5      | Identified the +10 hand axe of the Blushing Oracle {drain,
                  | ^Drain rPois rN+}
  3348 | D:5      | Found a staircase to the Ecumenical Temple.
  3366 | Temple   | Entered the Ecumenical Temple
  3371 | Temple   | Became a worshipper of Gozag Ym Sagoz the Greedy
  3737 | D:5      | Found a broken altar of Ashenzari.
  3845 | D:6      | Noticed a vampire mosquito
  3845 | D:6      | Noticed a vampire mosquito
  3851 | D:6      | Noticed Menkaure
  3870 | D:6      | Killed Menkaure
  3871 | D:6      | Reached skill level 5 in Shapeshifting
  3886 | D:6      | Reached skill level 7 in Fighting
  4251 | D:6      | Reached XP level 8. HP: 60/60 MP: 8/8
  4321 | D:7      | Reached skill level 6 in Shapeshifting
  4550 | D:7      | Noticed a yak
  4968 | D:6      | Reached skill level 4 in Unarmed Combat
  4968 | D:6      | Reached skill level 7 in Shapeshifting
  4995 | D:6      | Reached skill level 5 in Unarmed Combat
  5145 | D:6      | Found Zin's Purification Station.
  5148 | D:6      | Found a glowing silver altar of Zin.
  5315 | D:7      | Reached skill level 6 in Unarmed Combat
  5315 | D:7      | Reached XP level 9. HP: 56/64 MP: 9/9
  5405 | D:7      | Reached skill level 3 in Dodging
  5897 | D:7      | Noticed Pikel
  5939 | D:7      | Killed Pikel
  5940 | D:7      | Reached skill level 5 in Dodging
  5940 | D:7      | Reached skill level 7 in Unarmed Combat
  6062 | D:7      | Reached skill level 8 in Shapeshifting
  6236 | D:8      | Reached XP level 10. HP: 68/71 MP: 10/10
  6248 | D:8      | Reached skill level 9 in Shapeshifting
  6673 | D:8      | Noticed Erica
  6829 | D:8      | Noticed a green ugly thing
  6843 | D:7      | Killed a white ugly thing
  6844 | D:7      | Reached skill level 10 in Shapeshifting
  7335 | D:8      | Killed Erica
  7336 | D:8      | Reached skill level 8 in Fighting
  7608 | D:8      | Found Silunong's Magic Scroll Emporium.
  7705 | D:8      | Noticed a two-headed ogre
  7727 | D:8      | Reached skill level 8 in Unarmed Combat
  7746 | D:8      | Bought a scroll of fear for 56 gold pieces
  7746 | D:8      | Bought a scroll of identify for 28 gold pieces
  7746 | D:8      | Bought a scroll of enchant armour for 105 gold pieces
  7746 | D:8      | Bought a scroll of identify for 28 gold pieces
  8035 | D:8      | Killed a two-headed ogre
  8036 | D:8      | Reached skill level 9 in Fighting
  8591 | D:9      | Reached XP level 11. HP: 71/80 MP: 11/11
  8949 | D:9      | Reached skill level 11 in Shapeshifting
  9226 | D:9      | Found a shadowy altar of Dithmenos.
  9259 | D:9      | Found a radiant altar of Vehumet.
  9344 | D:10     | Entered Level 10 of the Dungeon
  9417 | D:10     | Noticed a purple ugly thing
  9424 | D:10     | Killed a purple ugly thing
  9605 | D:10     | Reached skill level 10 in Fighting
 10061 | D:10     | Reached skill level 9 in Unarmed Combat
 10643 | D:11     | Reached skill level 10 in Unarmed Combat
 10907 | D:11     | Found a staircase to the Orcish Mines.
 11097 | D:11     | Found a staircase to the Lair.
 11483 | D:12     | Noticed a cyclops
 11489 | D:12     | Killed a cyclops
 11503 | D:12     | Reached XP level 12. HP: 87/87 MP: 12/12
 11532 | D:12     | Reached skill level 12 in Shapeshifting
 11931 | D:12     | Reached skill level 11 in Fighting
 12061 | D:12     | Noticed a boulder beetle
 12090 | D:12     | Killed a boulder beetle
 12104 | D:12     | Reached skill level 12 in Fighting
 12106 | D:12     | HP: 10/109 [gnoll/+0 spear[a gnoll sergeant] (2)]
 12112 | D:12     | HP: 9/109 [gnoll/+2 halberd of venom[a gnoll sergeant] (3)]
 12115 | D:12     | HP: 2/109 [burnt (5)]
 12116 | D:12     | Incinerated by a deep elf pyromancer

Vanquished Creatures
  A boulder beetle (D:12)
  Erica (D:8)
  A two-headed ogre (D:8)
  An orc knight (D:12)
  Pikel (D:7)
  3 ugly things
  An orc sorcerer (D:12)
  A manticore (D:12)
  2 cyclopes (D:12)
  A rust devil (D:12)
  A gargoyle (D:11)
  2 unseen horrors
  A komodo dragon (D:11)
  A red devil (D:12)
  A troll (D:10)
  28 yaks
  A shadow (D:12)
  A wraith (D:12)
  A wyvern (D:7)
  2 steam dragons (D:8)
  A human (D:7)
  5 vampire mosquitoes
  2 wargs (D:11)
  3 hogs
  2 chaos spawn (D:12)
  Menkaure (D:6)
  3 acid dragons
  2 water moccasins
  An ice beast (D:8)
  2 orc warriors
  3 centaurs
  An ogre (D:3)
  3 phantoms
  3 lemures (D:7)
  6 bullfrogs
  3 gnoll sergeants (D:12)
  A kobold brigand (D:7)
  14 killer bees
  5 howler monkeys
  A bombardier beetle (D:3)
  A hound (D:4)
  4 quasits (D:12)
  A jelly (D:5)
  4 orc priests
  3 sleepcaps
  4 iguanas
  7 orc wizards
  13 gnolls
  8 adders
  2 white imps
  3 dart slugs
  3 ribbon worms
  12 orcs
  5 endoplasms
  5 giant cockroaches
  8 goblins
  7 hobgoblins
  6 quokkas
  7 ball pythons
  13 bats
  2 frilled lizards
  11 kobolds
  3 rats (D:1)
246 creatures vanquished.

Vanquished Creatures (others)
  An orc (D:12)
1 creature vanquished.

Grand Total: 247 creatures vanquished

Table legend: (Time is in decaauts)
 A = Elapsed time spent in this place.
 B = Non-inter-level travel time spent in this place.
 C = Inter-level travel time spent in this place.
 D = Time resting spent in this place.
 E = Time spent auto-exploring this place.
 F = Levels seen in this place.
 G = Mean time per level.
                   A        B        C        D        E       F      G
               +--------+--------+--------+--------+--------+-----+--------+
         Total |  12012 |  11663 |    349 |   3082 |   6623 |  13 |  924.0 |
       Dungeon |  12001 |  11658 |    343 |   3082 |   6623 |  12 | 1000.1 |
        Temple |     10 |      5 |      5 |      0 |      0 |   1 |   10.0 |
               +--------+--------+--------+--------+--------+-----+--------+

Top non-repeatable levels by time:
     D:8: 1762 daAuts
     D:7: 1599 daAuts
    D:11: 1328 daAuts
     D:6: 1175 daAuts
     D:9: 967 daAuts
     D:2: 952 daAuts
     D:3: 922 daAuts
    D:10: 774 daAuts
     D:5: 716 daAuts
     D:1: 658 daAuts
    D:12: 619 daAuts
     D:4: 524 daAuts
  Temple: 10 daAuts

Table legend:
 A = Non-vault XP
 B = Vault XP
 C = Vault XP percentage of total XP
 D = Non-vault monster count
 E = Vault monster count
 F = Vault count percentage of total count
                 A         B        C        D         E       F
            +---------+---------+-------+---------+---------+-------
      Total |   20143 |    4968 |  19.8 |     211 |      32 |  13.2
            +---------+---------+-------+---------+---------+-------
        D:1 |      52 |       0 |   0.0 |      31 |       0 |   0.0
        D:2 |      54 |       0 |   0.0 |      16 |       0 |   0.0
        D:3 |     301 |       4 |   1.3 |      24 |       1 |   4.0
        D:4 |     286 |       0 |   0.0 |       6 |       0 |   0.0
        D:5 |     184 |       0 |   0.0 |       7 |       0 |   0.0
        D:6 |     739 |     360 |  32.8 |       9 |       2 |  18.2
        D:7 |    1863 |    1430 |  43.4 |      24 |       5 |  17.2
        D:8 |    2872 |     844 |  22.7 |      21 |       1 |   4.5
        D:9 |    2510 |       0 |   0.0 |      20 |       0 |   0.0
       D:10 |    2744 |       0 |   0.0 |      14 |       0 |   0.0
       D:11 |    2391 |    1018 |  29.9 |      10 |      15 |  60.0
       D:12 |    6147 |    1312 |  17.6 |      29 |       8 |  21.6
            +---------+---------+-------+---------+---------+-------
